 Dungeon Crawl Stone Soup version 0.29.0-13-gc9e81de378 (webtiles) character file.

Game seed: 15337486758987132242

35 bchevrier the Thrower (level 3, -1/28 HPs)
             Began as a Gnoll Wanderer on Sept 10, 2022.
             Was an Initiate of Ashenzari.
             Slain by a gnoll
             ... wielding a +0 club
              (4 damage)
             ... on level 2 of the Dungeon.
             The game lasted 00:03:44 (1845 turns).

bchevrier the Thrower (Gnoll Wanderer)              Turns: 1845, Time: 00:03:44

Health: -1/28      AC:  5    Str: 14    XL:     3   Next: 35%
Magic:  7/7        EV: 10    Int: 12    God:    Ashenzari [......]
Gold:   87         SH:  0    Dex:  9    Spells: 6/7 levels left

rFire   . . .      SeeInvis .   a - +3 dagger
rCold   . . .      Faith    .   (no shield)
rNeg    . . .      Spirit   .   i - +0 ring mail "Fanaticism of Ashenzari" {Elem, Alch} (curse)
rPois   .          Reflect  .   (no helmet)
rElec   .          Harm     .   (no cloak)
rCorr   .          Rampage  .   (no gloves)
Will    .....                   (no boots)
Stlth   +.........              (no amulet)
HPRegen 0.09/turn               (no ring)
MPRegen 0.10/turn               (no ring)

@: no status effects
A: fangs 1, strong nose, distributed training
a: Renounce Religion, Shatter the Chains


You were on level 2 of the Dungeon.
You worshipped Ashenzari.
Ashenzari was noncommittal.
You visited 1 branch of the dungeon, and saw 2 of its levels.

You collected 87 gold pieces.

Inventory:

Hand Weapons
 a - a +3 dagger (weapon)
Missiles
 b - 3 curare-tipped darts (quivered)
 e - 3 poisoned darts
Armour
 i - the cursed +0 ring mail "Fanaticism of Ashenzari" (worn) {Elem, Alch}
   (You found it on level 1 of the Dungeon)

   It has a curse which improves the following skills: Elements: Fire Magic, Ice
   Magic, Air Magic and Earth Magic.
   Alchemy:   Poison Magic and Transmutations.
Scrolls
 c - a scroll of blinking
 f - a scroll of amnesia {unknown}
 g - a scroll of identify {unknown}
 j - a scroll of butterflies {unknown}
Potions
 d - a potion of brilliance {unknown}


   Skills:
 + Level 2.6 Fighting
 + Level 0.8 Short Blades
 + Level 0.8 Long Blades
 + Level 0.8 Axes
 + Level 0.8 Maces & Flails
 + Level 0.8 Polearms
 + Level 0.8 Staves
 + Level 0.8 Ranged Weapons
 + Level 10.4 Throwing
 + Level 2.6 Armour
 + Level 0.8 Dodging
 + Level 0.8 Stealth
 + Level 0.8 Shields
 + Level 0.8 Unarmed Combat
 + Level 2.8 Spellcasting
 + Level 0.5 Conjurations
 + Level 0.5 Hexes
 + Level 0.5 Summonings
 + Level 0.5 Necromancy
 + Level 0.5 Translocations
 + Level 0.5(0.8) Transmutations
 + Level 3.7(4.1) Fire Magic
 + Level 0.5(0.8) Ice Magic
 + Level 0.5(0.8) Air Magic
 + Level 0.5(0.8) Earth Magic
 + Level 0.5(0.8) Poison Magic
 + Level 1.0 Invocations
 + Level 0.8 Evocations


You had 6 spell levels left.
You knew the following spells:

 Your Spells              Type           Power      Damage    Failure   Level
a - Foxfire               Conj/Fire      28%        2x1d5     19%         1

Your spell library contained the following spells:

 Spells                   Type           Power      Damage    Failure   Level
 Ensorcelled Hibernation  Hex/Ice        6%         N/A       50%         2
 Inner Flame              Hex/Fire       7%         N/A       50%         3
 Spider Form              Tmut/Pois      3%         N/A       71%         3
 Anguish                  Hex/Necr       1%         N/A       98%         4


Dungeon Overview and Level Annotations

Branches:
Dungeon (2/15)

Altars:
Ashenzari


Innate Abilities, Weirdness & Mutations

You have very sharp teeth.
Your uncanny sense of smell can sniff out nearby items.
Your experience applies equally to all skills.


Message History

You hit the hobgoblin.
You kill the hobgoblin!
The kobold barely misses you.
A gnoll comes into view. It is wielding a +0 club.
Your Invocations skill increases to level 1!
You barely miss the kobold. Your bite misses the kobold.
The kobold closely misses you.
You barely miss the kobold. The kobold hits you but does no damage.
You completely miss the kobold.
A quokka comes into view.
The kobold misses you.
You hit the kobold.
You kill the kobold!
You barely miss the gnoll. The gnoll closely misses you.
You hit the gnoll. You bite the gnoll, but do no damage.
The gnoll is lightly wounded.
You closely miss the gnoll. Your bite misses the gnoll.
The gnoll is lightly wounded.
The gnoll hits you with a +0 whip. The gnoll hits you with a +0 club.
The gnoll barely misses you.
You hit the gnoll. You bite the gnoll, but do no damage.
The gnoll is lightly wounded.
The gnoll barely misses you.
The gnoll hits you from afar with a +1 spear of distortion.
You blink.
You are too injured to fight recklessly!
You are too injured to fight recklessly!
You are too injured to fight recklessly!
The gnoll closely misses you. The gnoll hits you with a +0 whip.
You closely miss the gnoll.
The gnoll is lightly wounded.
The gnoll hits you with a +0 club.
* * * LOW HITPOINT WARNING * * *
The gnoll closely misses you. The gnoll hits you with a +0 whip.
* * * LOW HITPOINT WARNING * * *
You hit the gnoll.
The gnoll is moderately wounded.
The gnoll hits you but does no damage. The gnoll hits you with a +0 club.
You die...

#..#.. # ..#g. .#
..#.# ..# #.#.#
...## #.#)#......
#.#r)..#
#######.g##..#
#......gg.#..#.
#......@.......
#..............#
#................
#..........#.....
#######..#......
..........
.........
.........


You could see 3 gnolls and a quokka.

Vanquished Creatures
  3 endoplasms (D:1)
  A giant cockroach (D:1)
  3 hobgoblins
  4 jackals (D:1)
  A quokka (D:1)
  3 ball pythons (D:1)
  A bat (D:1)
  2 frilled lizards (D:1)
  9 kobolds
  4 rats (D:1)
31 creatures vanquished.

Notes
Turn   | Place    | Note
-------+----------+-------------------------------------------
     0 | D:1      | Reached skill level 10 in Throwing
     0 | D:1      | bchevrier the Gnoll Wanderer began the quest for the Orb.
     0 | D:1      | bchevrier set off with the following items: a +3 dagger, 3
                  | curare-tipped darts, a scroll of blinking, a +0 robe; and
                  | the following spell memorised: Foxfire; and the following
                  | spells available to memorise: Inner Flame.
     0 | D:1      | Reached XP level 1. HP: 17/17 MP: 4/4
   413 | D:1      | Found a faded altar of an unknown god.
   417 | D:1      | Reached XP level 2. HP: 20/23 MP: 5/5
   524 | D:1      | HP: 1/23 [frozen (2)]
  1381 | D:1      | Reached XP level 3. HP: 24/28 MP: 7/7
  1809 | D:1      | Prayed at the altar of an unknown god.
  1809 | D:1      | Became a worshipper of Ashenzari the Shackled
  1832 | D:2      | Reached skill level 1 in Invocations
  1845 | D:2      | Slain by a gnoll

Illustrated notes

Levels and vault maps discovered:
D:1:      minmay_arrival_four_loops, layout_rooms,
          ebering_ecumenical_altar_abandoned
D:2:      layout_rooms, hangedman_abyss_or_decor_stabs

Skill      XL: |  1  2  3 |
---------------+----------+-----
Throwing       | | 10.4
Invocations    | 1 |  1.0
Fighting       | |  2.6
Short Blades   | |  0.8
Long Blades    | |  0.8
Axes           | |  0.8
Maces & Flails | |  0.8
Polearms       | |  0.8
Staves         | |  0.8
Ranged Weapons | |  0.8
Armour         | |  2.6
Dodging        | |  0.8
Stealth        | |  0.8
Shields        | |  0.8
Unarmed Combat | |  0.8
Spellcasting   | |  2.8
Conjurations   | |  0.5
Hexes          | |  0.5
Summonings     | |  0.5
Necromancy     | |  0.5
Translocations | |  0.5
Transmutations | |  0.5
Fire Magic     | |  3.7
Ice Magic      | |  0.5
Air Magic      | |  0.5
Earth Magic    | |  0.5
Poison Magic   | |  0.5
Evocations     | |  0.8

Action                   || total
-------------------------++-------
Melee: Dagger            ||   107
       Bite              ||    11
Invok: Curse Item        ||     1
  Use: Potion            ||     1
       Scroll            ||     1
Armor: Robe              ||     9
       Ring mail         ||    28
Dodge: Dodged            ||   101
